Map: Shadowed Jungle

Players

TimeTwist

  • Race: Protoss Protoss
  • Spawn Location: 11:00

Loken

  • Race: Zerg Zerg
  • Spawn Location: 7:00

FrogMint

  • Race: Zerg Zerg
  • Spawn Location: 5:00

dallaskuken

  • Race: Protoss Protoss
  • League: Gold
  • Spawn Location: 1:00

VOD

Have the link to the VOD?

Description

Time

  • Played on: March 10, 2017, 9:27 a.m.
  • Length: 11:11
Show
View Real Time Build Order
Export as new Build Order

TimeTwist Protoss 

Build Orders: Dark Templar Rush 

Get SALT Encoding   

  12  0:01  Probe (Chrono Boost)  
  13  0:12  Probe (Chrono Boost)  
  14  0:21  Pylon  
  14  0:25  Probe (Chrono Boost)  
  15  0:40  Probe (Chrono Boost)  
  15  0:41  Gateway  
  16  0:50  Probe (Chrono Boost)  
  16  0:51  Assimilator  
  17  1:01  Probe (Chrono Boost)  
  18  1:06  Pylon  
  18  1:11  Probe (Chrono Boost)  
  19  1:22  Probe (Chrono Boost)  
  20  1:27  Zealot  
  20  1:28  Cybernetics Core  
  22  1:34  Probe (Chrono Boost)  
  22  1:38  Assimilator  
  23  1:45  Pylon  
  23  1:46  Probe (Chrono Boost)  
  24  1:50  Warp Gate  
  24  1:57  Probe (Chrono Boost)  
  26  2:09  Probe (Chrono Boost)  
  26  2:12  Twilight Council  
  26  2:29  Probe (Chrono Boost)  
  27  2:37  Gateway  
  27  2:38  Gateway  
  27  2:41  Probe (Chrono Boost)  
  28  2:45  Pylon  
  28  2:51  Dark Shrine  
  28  2:53  Probe (Chrono Boost)  
  30  3:06  Probe (Chrono Boost)  
  30  3:18  Zealot  
  32  3:27  Pylon  
  32  3:33  Probe (Chrono Boost)  
  34  4:03  Probe (Chrono Boost)  
  34  4:04  Dark Templar x3  
  40  4:21  Probe (Chrono Boost)  
  40  4:23  Nexus  
  41  4:25  Pylon  
  41  4:35  Mothership Core (Chrono Boost)  
  43  4:43  Dark Templar  
  45  4:56  Zealot x2  
  47  5:04  Pylon  
  47  5:06  Pylon  
  39  5:26  Stalker x2  
  43  5:32  Charge  
  39  5:40  Pylon  
  39  5:43  Assimilator  
  39  5:45  Gateway  
  39  5:47  Assimilator  
  39  5:48  Gateway  
  39  5:49  Pylon  
  37  5:54  Probe (Chrono Boost)  
  38  6:02  Probe (Chrono Boost)  
  39  6:11  Stalker  
  39  6:12  Zealot  
  39  6:13  Sentry, Probe (Chrono Boost)  
  46  6:20  Probe (Chrono Boost)  
  46  6:23  Probe (Chrono Boost)  
  48  6:31  Probe (Chrono Boost)  
  49  6:34  Probe (Chrono Boost)  
  49  6:36  Zealot x2  
  49  6:37  Zealot  
  55  6:41  Probe (Chrono Boost)  
  55  6:44  Probe (Chrono Boost)  
  57  6:50  Templar Archives  
  57  6:52  Probe (Chrono Boost)  
  57  6:53  Sentry  
  57  6:54  Sentry  
  62  6:58  Probe (Chrono Boost)  
  63  7:04  Probe (Chrono Boost)  
  64  7:08  Probe (Chrono Boost)  
  64  7:10  Forge  
  64  7:14  Forge  
  64  7:15  Probe (Chrono Boost)  
  66  7:20  Sentry  
  66  7:21  Sentry  
  66  7:22  Zealot  
  72  7:24  Probe (Chrono Boost)  
  72  7:25  Probe (Chrono Boost)  
  72  7:27  Psionic Storm  
  74  7:38  Probe (Chrono Boost)  
  75  7:46  Stalker x2  
  75  7:49  Stalker  
  81  7:55  Pylon  
  81  8:00  Probe (Chrono Boost)  
  81  8:01  Probe (Chrono Boost)  
  83  8:10  Dark Templar x3  
  89  8:16  Dark Templar  
  89  8:19  Archon  
  91  8:25  Archon  
  91  8:26  Probe (Chrono Boost)  
  93  8:27  Probe (Chrono Boost), Dark Templar  
  95  8:36  Nexus  
  95  8:39  Probe (Chrono Boost)  
  96  8:42  Dark Templar  
  98  8:55  High Templar  
  98  8:57  Pylon  
  98  9:00  Pylon  
  100  9:09  Photon Cannon  
  100  9:12  High Templar  
  100  9:13  Zealot  
  100  9:14  Zealot  
  106  9:24  Gateway x2  
  106  9:25  Pylon  
  106  9:36  Zealot x2  
  106  9:37  Zealot x2  
  114  9:43  Probe (Chrono Boost)  
  114  9:44  Probe (Chrono Boost)  
  116  9:51  Pylon  
  116  9:54  Assimilator  
  116  9:57  Photon Cannon  
  116  9:58  Assimilator  
  102  10:30  Zealot x4  
  102  10:31  Zealot  
  100  10:43  Zealot  
  100  10:44  Zealot  
  100  10:49  Zealot x2  
Show
View Real Time Build Order
Export as new Build Order

Loken Zerg 

Build Orders: Hatch First 

Get SALT Encoding   

  12  0:01  Drone  
  13  0:13  Overlord  
  13  0:18  Drone  
  14  0:33  Drone x2  
  17  0:35  Drone  
  17  0:56  Hatchery  
  16  0:59  Drone  
  16  1:02  Drone  
  18  1:08  Drone  
  19  1:19  Spawning Pool  
  19  1:22  Drone  
  19  1:26  Extractor  
  18  2:02  Overlord x2  
  18  2:08  Zergling x2  
  18  2:09  Zergling x2  
  18  2:11  Queen  
  22  2:16  Queen  
  22  2:17  Zergling x2  
  25  2:29  Roach Warren  
  24  2:30  Drone  
  24  2:31  Drone x2  
  27  2:49  Drone  
  27  2:50  Drone x2  
  30  3:12  Roach x4  
  38  3:19  Lair  
  38  3:21  Drone x2  
  40  3:34  Zergling x8  
  41  3:35  Overlord  
  41  3:37  Overlord  
  44  3:48  Extractor  
  44  3:49  Metabolic Boost  
  43  4:00  Drone  
  43  4:01  Drone x5  
  49  4:34  Drone x3  
  49  4:35  Drone  
  46  4:50  Overseer x2  
  31  5:12  Roach x8  
  36  5:43  Drone x5  
  36  5:45  Queen  
  36  5:47  Queen  
  45  5:54  Glial Reconstitution  
  45  6:00  Drone x3  
  48  6:18  Drone x4  
  52  6:33  Hydralisk Den  
  52  6:36  Drone x2  
  52  6:38  Overlord  
  53  6:57  Zergling x4  
  53  6:58  Zergling x14  
  62  7:06  Muscular Augments  
  62  7:08  Zergling x4  
  64  7:36  Overlord x2  
  64  7:37  Overlord x2  
  64  7:38  Hydralisk x2  
  68  7:45  Pneumatized Carapace  
  68  7:52  Spire  
  67  8:11  Hydralisk  
  67  8:12  Hydralisk x2  
  73  8:13  Zergling x4  
  73  8:14  Zergling x14  
  82  8:28  Extractor  
  82  8:31  Extractor  
  80  8:58  Drone  
  80  8:59  Drone x10  
  84  9:32  Zergling x2  
  84  9:33  Zergling x20  
  93  10:16  Mutalisk  
  93  10:17  Mutalisk x2  
  93  10:19  Overlord x7  
Show
View Real Time Build Order
Export as new Build Order

FrogMint Zerg 

Build Orders: Hatch First 

Get SALT Encoding   

  12  0:01  Drone  
  13  0:13  Overlord  
  13  0:18  Drone  
  14  0:31  Drone x2  
  16  0:45  Drone  
  16  0:46  Drone  
  18  1:06  Hatchery, Drone  
  18  1:10  Drone  
  19  1:21  Spawning Pool  
  18  1:29  Drone x2  
  20  1:33  Extractor  
  20  1:40  Drone  
  20  1:50  Overlord  
  20  2:18  Queen  
  20  2:19  Queen  
  20  2:21  Drone  
  25  2:24  Hatchery  
  24  2:43  Drone x3  
  27  2:46  Drone x2  
  29  2:55  Extractor  
  28  2:59  Overlord  
  28  3:05  Queen  
  30  3:13  Roach Warren  
  30  3:15  Drone  
  30  3:16  Drone  
  30  3:19  Drone  
  32  3:22  Drone  
  33  3:28  Overlord  
  33  3:32  Drone  
  34  3:35  Drone  
  34  3:38  Drone  
  36  3:49  Drone x2  
  36  3:51  Drone  
  39  3:57  Drone x2  
  39  4:00  Queen  
  43  4:03  Drone  
  44  4:10  Lair  
  44  4:17  Drone x3  
  44  4:21  Roach x2  
  51  4:25  Overlord  
  50  4:49  Spore Crawler  
  50  4:52  Spore Crawler  
  46  4:54  Spine Crawler  
  46  4:57  Spine Crawler  
  36  5:15  Drone x3  
  36  5:17  Spore Crawler  
  36  5:19  Spine Crawler  
  36  5:21  Spore Crawler  
  33  5:38  Drone  
  33  5:39  Drone x3  
  37  5:46  Spore Crawler  
  36  5:53  Drone x5  
  36  5:54  Drone x2  
  43  5:58  Pneumatized Carapace  
  43  6:05  Roach x4  
  51  6:18  Queen  
  51  6:21  Glial Reconstitution  
  51  6:25  Drone x2  
  55  6:26  Drone  
  56  6:40  Queen  
  56  6:45  Spine Crawler  
  53  6:52  Roach  
  53  6:53  Roach x5  
  65  6:55  Overlord x2  
  65  7:00  Metabolic Boost  
  65  7:24  Queen  
  65  7:26  Drone x3  
  70  7:30  Roach  
  70  7:31  Roach x5  
  70  7:36  Overlord  
  82  7:49  Overlord x2  
  82  7:50  Overlord x2  
  82  8:02  Overseer  
  82  8:06  Ravager x6  
  82  8:07  Ravager  
  89  8:25  Overseer  
  89  8:33  Roach x3  
  95  8:37  Zergling x2  
  95  8:38  Zergling x22  
  107  9:14  Hatchery  
  106  9:24  Hatchery  
  105  9:44  Spire  
  104  9:58  Extractor  
  103  10:00  Extractor  
  101  10:08  Zergling x22  
  101  10:09  Zergling x18  
  51  10:41  Zergling x2  
  51  10:42  Zergling x16  
Show
View Real Time Build Order
Export as new Build Order

dallaskuken Protoss 

Build Orders: 1 Gate Expand 

Get SALT Encoding   

  12  0:04  Probe (Chrono Boost)  
  13  0:14  Probe (Chrono Boost)  
  14  0:25  Probe (Chrono Boost)  
  15  0:30  Pylon  
  15  0:48  Probe (Chrono Boost)  
  16  0:52  Gateway  
  16  0:59  Probe (Chrono Boost)  
  17  1:09  Probe (Chrono Boost)  
  18  1:13  Pylon  
  18  1:31  Probe (Chrono Boost)  
  19  1:42  Nexus  
  19  1:46  Cybernetics Core  
  19  1:47  Assimilator  
  19  1:52  Zealot  
  21  2:04  Probe (Chrono Boost)  
  22  2:16  Probe (Chrono Boost)  
  22  2:22  Assimilator  
  23  2:27  Probe (Chrono Boost)  
  23  2:28  Warp Gate  
  23  2:47  Probe (Chrono Boost)  
  25  2:59  Probe (Chrono Boost)  
  25  3:01  Pylon  
  25  3:04  Pylon  
  25  3:09  Mothership Core (Chrono Boost)  
  27  3:12  Adept  
  29  3:39  Robotics Facility  
  29  3:44  Stalker  
  29  3:45  Gateway x2  
  32  3:56  Probe (Chrono Boost)  
  32  3:57  Probe (Chrono Boost)  
  33  4:07  Probe (Chrono Boost)  
  33  4:09  Probe (Chrono Boost)  
  35  4:10  Stalker  
  37  4:18  Probe (Chrono Boost)  
  37  4:21  Probe (Chrono Boost)  
  37  4:22  Twilight Council  
  39  4:28  Probe (Chrono Boost)  
  41  4:33  Probe (Chrono Boost)  
  41  4:39  Probe (Chrono Boost)  
  41  4:45  Probe (Chrono Boost)  
  43  4:46  Immortal  
  43  4:49  Stalker, Probe (Chrono Boost)  
  50  4:57  Probe (Chrono Boost)  
  51  5:03  Stalker x2  
  55  5:18  Stalker  
  55  5:23  Probe (Chrono Boost)  
  55  5:26  Pylon  
  55  5:28  Pylon  
  56  5:34  Probe (Chrono Boost)  
  57  5:38  Assimilator  
  57  5:42  Assimilator, Probe (Chrono Boost)  
  58  5:43  Blink  
  58  5:44  Probe (Chrono Boost)  
  59  5:54  Probe (Chrono Boost)  
  59  5:55  Probe (Chrono Boost)  
  61  5:58  Pylon  
  61  6:01  Pylon  
  61  6:05  Probe (Chrono Boost)  
  61  6:07  Stalker  
  61  6:08  Stalker x2  
  68  6:16  Probe (Chrono Boost), Immortal  
  73  6:25  Forge  
  73  6:26  Probe (Chrono Boost)  
  74  6:49  Sentry x3  
  80  6:55  Immortal  
  80  6:58  Probe (Chrono Boost)  
  86  7:08  Probe (Chrono Boost)  
  86  7:16  Gateway  
  86  7:19  Gateway, Probe (Chrono Boost)  
  86  7:21  Gateway  
  87  7:27  Gateway  
  87  7:29  Protoss Ground Weapons Level 1  
  87  7:30  Pylon  
  87  7:31  Pylon  
  87  7:33  Pylon  
  87  7:35  Stalker x3  
  93  7:53  Robotics Bay  
  93  7:56  Stalker  
  95  8:26  Stalker x5  
  105  8:27  Stalker, Nexus  
  111  8:34  Immortal  
  111  8:39  Pylon  
  111  8:41  Pylon  
  111  8:44  Pylon  
  111  8:46  Assimilator  
  111  8:55  Stalker x3  
  117  9:14  Extended Thermal Lance  
  117  9:16  Colossus  
  123  9:25  Stalker  
  125  10:11  Observer  
  122  10:34  Stalker  
  122  10:35  Stalker x6  
Tags
 
Add a new tag
Caveats
  • Supply blocks, unpowered buildings, or Contaminate may cause inaccurate times.
  • Supply counts are checked every 10 seconds.